 Dungeon Crawl Stone Soup version 0.32-a0-871-ge202e49faa (webtiles) character file.

Game seed: 12436220326087913743

392 KennySheep the Chopper (level 6, 0/52 (55) HPs)
             Began as a Mountain Dwarf Monk on Mar 30, 2024.
             Was a Believer of Okawaru.
             Slain by a wight
             ... wielding a +0 morningstar
              (8 damage)
             ... on level 4 of the Dungeon.
             The game lasted 00:10:04 (4169 turns).

KennySheep the Chopper (Mountain Dwarf Monk)        Turns: 4169, Time: 00:10:06

HP:   0/52 (55)     AC: 13    Str: 16    XL:     6   Next: 51%
MP:   8/8           EV:  8    Int: 10    God:    Okawaru [**....]
Gold: 212           SH:  7    Dex: 12    Spells: 5/5 levels left

rFire   . . .        a - +0 hand axe
rCold   + + .        x - +0 kite shield
rNeg    . . .        r - +2 ring mail {rC+}
rPois   .            v - +0 helmet
rElec   .            k - +0 cloak
rCorr   .            (no gloves)
SInv    .            (no boots)
Will    .....        (no amulet)
Stlth   +            s - +4 ring of protection
HPRegen 0.28/turn    w - ring of protection from cold
MPRegen 0.11/turn

%: no passive effects
@: hasted, drained, very quick
A: runic magic, artefact enchanting
a: Renounce Religion, Heroism


You were on level 4 of the Dungeon.
You worshipped Okawaru.
Okawaru was pleased with you.
You visited 1 branch of the dungeon, and saw 4 of its levels.

You collected 212 gold pieces.

Inventory:

Hand Weapons
 a - a +0 hand axe (weapon)
Missiles
 q - 2 curare-tipped darts (quivered)
Armour
 b - a +0 robe
 d - an orb of light
 k - a +0 cloak (worn)
 r - a +2 ring mail of cold resistance (worn)
 v - a +0 helmet (worn)
 x - a +0 kite shield (worn)
Jewellery
 s - a +4 ring of protection (left hand)
 w - a ring of protection from cold (right hand)
 y - a ring of ice
 z - a ring of magical power
Talismans
 n - a blade talisman
Wands
 t - a wand of flame (30)
Scrolls
 h - a scroll of teleportation
 l - a scroll of revelation
 m - a scroll of immolation
 p - a scroll of poison
 u - a scroll of enchant armour {unknown}
Potions
 c - a potion of ambrosia
 e - a potion of heal wounds {unknown}
 f - a potion of enlightenment
 g - a potion of brilliance {unknown}
 j - a potion of lignification {unknown}
 o - a potion of might {unknown}


   Skills:
 + Level 4.8 Fighting
 * Level 6.6 Axes
 + Level 2.1 Armour
 - Level 2.1 Dodging
 * Level 3.6 Invocations


You had 5 spell levels left.
You didn't know any spells.
Your spell library contained the following spells:

 Spells                   Type           Power      Damage    Failure   Level
 Apportation              Tloc           0%         N/A       83%         1
 Necrotise                Necr           0%         1d4       83%         1
 Sandblast                Erth           0%         2d4       83%         1
 Sting                    Conj/Alch      0%         1d3       83%         1
 Sublimation of Blood     Necr           0%         N/A       92%         2
 Passwall                 Erth           0%         N/A       99%         3
 Stone Arrow              Conj/Erth      0%         3d7       99%         3
 Vampiric Draining        Necr           0%         2d6       99%         3
 Volatile Blastmotes      Fire/Tloc      0%         2d10      99%         3
 Brom's Barrelling Bould  Conj/Erth      0%         2d3       100%        4
 Vhi's Electric Charge    Tloc/Air       0%         N/A       100%        4
 Curse of Agony           Necr           0%         N/A       100%        5
 Bombard                  Conj/Erth      0%         9d1       100%        6
 Summon Small Mammal      Summ           Unusable   N/A       N/A         1
 Call Imp                 Summ           Unusable   N/A       N/A         2
 Martyr's Knell           Necr/Summ      Unusable   N/A       N/A         4
 Summon Hydra             Summ           Unusable   N/A       N/A         7

Dungeon Overview and Level Annotations

Branches:
Dungeon (4/15)
 Temple: D:4-7

Altars:
Makhleb
Nemelex Xobeh
Okawaru

Annotations:
D:2 1 runed translucent door, Crazy Yiuf


Innate Abilities, Weirdness & Mutations

Your spellcasting is much less encumbered by armour.
You can use scrolls of enchantment on lesser artefacts.


Message History

The wight hits you with a +0 morningstar.
You slash the killer bee!
You kill the killer bee!
Okawaru accepts your kill.
You hit the wight. The wight hits you but does no damage.
You hit the wight but do no damage.
The wight is moderately damaged.
The wight hits you with a +0 morningstar!
You hit the wight but do no damage.
The wight is moderately damaged.
The wight hits you with a +0 morningstar!
You hit the wight but do no damage.
The wight is moderately damaged.
The wight hits you with a +0 morningstar.
* * * LOW HITPOINT WARNING * * *
You feel yourself speed up. The wight barely misses you.
The wight hits you but does no damage.
You see here a killer bee corpse.
You hit the wight.
The wight is severely damaged.
You barely miss the wight.
The wight is severely damaged.
The wight hits you with a +0 morningstar.
* * * LOW HITPOINT WARNING * * *
You feel drained.
You hit the wight but do no damage.
The wight is severely damaged.
You block the wight's attack.
You hit the wight but do no damage.
The wight is severely damaged.
The wight hits you with a +0 morningstar.
* * * LOW HITPOINT WARNING * * *
You feel drained.
* * * LOW HITPOINT WARNING * * *
You hit the wight.
The wight is severely damaged.
You hit the wight but do no damage.
The wight is severely damaged.
The wight hits you with a +0 morningstar!
You die...

#.###▓.=)..▓#..........
#.# ▓⌠...⌠▓#........##
#.# ▓▓▓▓▓▓▓#.....)#.#
#.# #§.....#.....##.##
#.# #©_....'....###...
#.# #§.....###'## ####
#.###▓▓▓▓▓▓▓# #.#
#...#▓⌠...⌠▓ #.#######
#####▓@z...▓ ##.##.....
▓©...©▓##...#†####
▓.....▓#......##
▓⌠...⌠▓##......#
▓▓▓▓▓▓▓ ##.#.#.#
######...# #...>...##
#########


You could see a wight.

Vanquished Creatures
  A black bear (D:4)
  A killer bee (D:4)
  A bombardier beetle (D:4)
  An orc priest (D:4)
  Terence (D:3)
  An orc wizard (D:4)
  4 gnolls (D:4)
  4 adders
  A dart slug (D:2)
  4 ribbon worms (D:4)
  5 orcs (D:4)
  2 bats (D:2)
  4 endoplasms
  A giant cockroach (D:1)
  5 goblins
  8 hobgoblins
  4 jackals (D:1)
  A quokka (D:1)
  6 ball pythons
  2 frilled lizards (D:3)
  4 kobolds
  A rat (D:1)
62 creatures vanquished.

Notes
Turn   | Place    | Note
-------+----------+-------------------------------------------
     0 | D:1      | KennySheep the Mountain Dwarf Monk began the quest for the
                  | Orb.
     0 | D:1      | Reached XP level 1. HP: 19/19 MP: 1/1
   194 | D:1      | Reached skill level 4 in Axes
   209 | D:1      | Reached XP level 2. HP: 17/26 MP: 2/2
  1178 | D:2      | Reached XP level 3. HP: 19/33 MP: 3/3
  1269 | D:2      | Found a runed translucent door.
  1270 | D:2      | Noticed Crazy Yiuf
  1472 | D:2      | Reached skill level 5 in Axes
  1911 | D:3      | Noticed Terence
  2346 | D:3      | Killed Terence
  2347 | D:3      | Reached XP level 4. HP: 40/40 MP: 4/4
  2455 | D:3      | Found an iron altar of Okawaru.
  2469 | D:3      | Became a worshipper of Warmaster Okawaru
  2469 | D:3      | Reached * piety under Okawaru
  2469 | D:3      | Reached ** piety under Okawaru
  2756 | D:4      | Reached skill level 1 in Armour
  2756 | D:4      | Reached skill level 1 in Invocations
  2756 | D:4      | Reached XP level 5. HP: 33/47 MP: 4/6
  3091 | D:4      | Noticed a black bear
  3103 | D:4      | Killed a black bear
  3104 | D:4      | Reached skill level 6 in Axes
  3104 | D:4      | Reached XP level 6. HP: 7/53 MP: 4/8
  3378 | D:4      | Found a burning altar of Makhleb.
  4145 | D:4      | Found a sparkling altar of Nemelex Xobeh.
  4145 | D:4      | Found a transporter.
  4169 | D:4      | Slain by a wight

Illustrated notes

Levels and vault maps discovered:
D:1:      elethiomel_arrival_infinity_welcomes_careful_drivers, layout_rooms
D:2:      layout_basic, uniq_crazy_yiuf_cottage
D:3:      layout_basic, kennysheep_okawaru_gauntlet, corner_web_ring,
          uniq_terence
D:4:      layout_loops_corners, grunt_nemelex_the_gamble, bloody_makhleb,
          nicolae_wormholes

Skill      XL: |  1  2  3  4  5  6 |
---------------+-------------------+-----
Axes           | 4 5 6 |  6.6
Fighting       | 4 |  4.8
Armour         | 1 2 |  2.1
Invocations    | 1 2 3 |  3.6
Dodging        | |  2.1

Action                     |  1- 3 |  4- 6 || total
---------------------------+-------+-------++-------
  Melee: Hand axe          |   112 |   149 ||   261
  Throw: Dart              |     3 |     1 ||     4
 Invoke: Heroism           |       |     1 ||     1
  Evoke: Wand              |       |     5 ||     5
    Use: Potion            |     1 |     2 ||     3
         Scroll            |       |     4 ||     4
 Armour: Robe              |    70 |       ||    70
         Ring mail         |       |   118 ||   118
  Dodge: Dodged            |    71 |    60 ||   131
  Block: Kite shield       |       |    37 ||    37

Table legend: (Time is in decaauts)
 A = Elapsed time spent in this place.
 B = Non-inter-level travel time spent in this place.
 C = Inter-level travel time spent in this place.
 D = Time resting spent in this place.
 E = Time spent auto-exploring this place.
 F = Levels seen in this place.
 G = Mean time per level.
                   A        B        C        D        E       F      G
               +--------+--------+--------+--------+--------+-----+--------+
         Total |   4168 |   4100 |     68 |    364 |   3053 |   4 | 1042.0 |
       Dungeon |   4168 |   4100 |     68 |    364 |   3053 |   4 | 1042.0 |
               +--------+--------+--------+--------+--------+-----+--------+

Top non-repeatable levels by time:
     D:4: 1506 daAuts
     D:2: 950 daAuts
     D:1: 876 daAuts
     D:3: 834 daAuts
